 Dungeon Crawl Stone Soup version 0.25-a0-578-gc91f01c (webtiles) character file.

Game seed: 6191900244015210855, levelgen mode: deterministic

83 Faca the Vandal (level 4, -5/31 HPs)
             Began as a Halfling Hunter on Mar 7, 2020.
             Slain by a worm (8 damage)
             ... on level 2 of the Dungeon.
             The game lasted 00:06:55 (2175 turns).

Faca the Vandal (Halfling Hunter)                   Turns: 2175, Time: 00:06:56

Health: -5/31      AC:  6    Str: 13    XL:     4   Next: 71%
Magic:  4/4        EV: 13    Int:  9    God:
Gold:   50         SH:  0    Dex: 15    Spells: 3/3 levels left

rFire    . . .     SeeInvis .   b - +0 short sword
rCold    . . .     Gourm    .   (shield restricted)
rNeg     . . .     Faith    .   h - +0 ring mail
rPois    +         Spirit   .   (no helmet)
rElec    .         Reflect  .   e - +0 cloak
rCorr    .         Harm     .   (no gloves)
MR       .....                  (no boots)
Stlth    +.........             (no amulet)
HPRegen  0.10/turn              j - ring of poison resistance
MPRegen  0.09/turn              (no ring)

@: no status effects
A: small, mutation resistance 1
a: no special abilities


You were on level 2 of the Dungeon.
You were not hungry.

You visited 1 branch of the dungeon, and saw 2 of its levels.

You collected 50 gold pieces.

Inventory:

Hand Weapons
 a - a +2 hunting sling
 b - a +0 short sword (weapon)
Missiles
 d - 67 sling bullets
 i - 65 stones (quivered)
Armour
 e - a +0 cloak (worn)
 h - a +0 ring mail (worn)
 n - a scarf of repulsion
Jewellery
 c - an uncursed ring of ice
 j - a ring of poison resistance (left hand)
Scrolls
 k - a scroll of amnesia {unknown}
 m - a scroll of identify
Potions
 g - a potion of might
 o - a potion of lignification
Comestibles
 f - 3 rations
 p - 3 chunks of flesh


   Skills:
 + Level 3.1 Fighting
 + Level 0.8 Short Blades
 + Level 7.1 Slings
 - Level 2.1 Dodging
 - Level 1.1 Stealth


You had 3 spell levels left.
You didn't know any spells.
Your spell library was empty.

Dungeon Overview and Level Annotations

Branches:
Dungeon (2/15)

Altars:
Ru


Innate Abilities, Weirdness & Mutations

You are small and have problems with some larger weapons.
You are somewhat resistant to further mutation.


Message History

The worm bites you!
* * * LOW HITPOINT WARNING * * *
You barely miss the worm.
The worm is severely wounded.
The worm bites you but does no damage.
You hit the worm.
The worm is almost dead.
You barely miss the worm.
The worm is almost dead.
You feel sick.
You are no longer poisoned.
The worm bites you.
* * * LOW HITPOINT WARNING * * *
You hit the worm but do no damage.
The worm is severely wounded.
You feel less wooden.
Your +0 cloak unmelds from your body.
Your +0 ring mail unmelds from your body.
The worm bites you!
You die...

.. ..>....>.....#.# #.
#...............
####.##...........##.#
###....................#
......................<.
######.............####
#.#...........#
#w#...........#
#@#.####...#### #)#.#
#..# #.#.# #..# ##.#.#
##..### #....###.....#
#<...........###
................)..
#..##.##..#......### #.
#. #.........#


You could see a worm.

Vanquished Creatures
  3 adders (D:2)
  An adder skeleton (D:2)
  A dart slug (D:2)
  2 leopard geckos (D:2)
  5 giant cockroaches (D:1)
  4 goblins (D:1)
  8 hobgoblins
  3 jackals (D:2)
  2 kobolds
  A quokka (D:2)
  A ball python (D:1)
  5 bats
  2 frilled lizards (D:2)
  7 rats
45 creatures vanquished.

Notes
Turn   | Place    | Note
-------+----------+-------------------------------------------
     0 | D:1      | Faca the Halfling Hunter began the quest for the Orb.
     0 | D:1      | Reached XP level 1. HP: 14/14 MP: 1/1
    15 | D:1      | Reached skill level 6 in Slings
   411 | D:1      | Reached XP level 2. HP: 15/19 MP: 2/2
   826 | D:1      | Reached XP level 3. HP: 17/25 MP: 3/3
  1818 | D:2      | Found a sacrificial altar of Ru.
  1838 | D:2      | Reached XP level 4. HP: 26/30 MP: 4/4
  1991 | D:2      | Reached skill level 7 in Slings
  2175 | D:2      | Slain by a worm

Levels and vault maps discovered:
D:1:      dpeg_arrival_ratfight, layout_basic, chequers_serial_rivers_micro_d,
          minmay_worlds_worst_comb
D:2:      minmay_chambers_of_ones, layout_loops_ring, minitemple, first_ration,
          nicolae_ru_awakened_eye

Skill      XL: |  1  2  3  4 |
---------------+-------------+-----
Slings         | 6 7 |  7.1
Fighting       | 2 3 |  3.1
Short Blades   | |  0.8
Dodging        | |  2.1
Stealth        | |  1.1

Action                   |  1- 3 |  4- 6 || total
-------------------------+-------+-------++-------
Melee: Short sword       |   170 |    78 ||   248
 Fire: Hunting sling     |     4 |       ||     4
  Use: Scroll            |     6 |     1 ||     7
       Potion            |       |     2 ||     2
 Stab: Sleeping          |     3 |       ||     3
  Eat: Chunk             |     3 |     1 ||     4
Armor: Leather armour    |    24 |       ||    24
       Ring mail         |    50 |    14 ||    64
       Skin              |       |    26 ||    26
Dodge: Dodged            |   155 |    31 ||   186

Table legend:
 A = Non-vault XP
 B = Vault XP
 C = Vault XP percentage of total XP
 D = Non-vault monster count
 E = Vault monster count
 F = Vault count percentage of total count
                 A         B        C        D         E       F
            +---------+---------+-------+---------+---------+-------
      Total |      95 |      24 |  20.2 |      31 |      14 |  31.1
            +---------+---------+-------+---------+---------+-------
        D:1 |      25 |      13 |  34.2 |      14 |       9 |  39.1
        D:2 |      70 |      11 |  13.6 |      17 |       5 |  22.7
            +---------+---------+-------+---------+---------+-------
